 Dungeon Crawl Stone Soup version 0.29-a0-998-g1987434951 (webtiles) character file.

Game seed: 11870495145320417748

4 vurker the Sneak (level 1, 0/9 HPs)
             Began as a Vine Stalker Enchanter on Aug 5, 2022.
             Slain by a goblin
             ... wielding a +0 dagger
              (1 damage)
             ... on level 1 of the Dungeon.
             The game lasted 00:00:20 (260 turns).

vurker the Sneak (Vine Stalker Enchanter)            Turns: 260, Time: 00:00:20

Health: 0/9        AC:  2    Str: 16    XL:     1   Next: 70%
Magic:  0/4        EV: 12    Int: 15    God:
Gold:   25         SH:  0    Dex: 14    Spells: 4/4 levels left

rFire   . . .      SeeInvis .   a - +1 dagger
rCold   . . .      Faith    .   (no shield)
rNeg    . . .      Spirit   +   b - +0 robe
rPois   .          Reflect  .   (no helmet)
rElec   .          Harm     .   (no cloak)
rCorr   .          Rampage  .   (no gloves)
Will    .....                   (no boots)
Stlth   ++........              (no amulet)
HPRegen 0.03/turn               d - +6 ring of strength
MPRegen 0.09/turn               (no ring)

@: no status effects
A: fangs 2, magic shield, antimagic bite, no potion heal 2
a: no special abilities


You were on level 1 of the Dungeon.
You visited 1 branch of the dungeon, and saw 1 of its levels.

You collected 25 gold pieces.

Inventory:

Hand Weapons
 a - a +1 dagger (weapon)
Armour
 b - a +0 robe (worn)
Jewellery
 d - a +6 ring of strength (left hand)
   (You found it on level 1 of the Dungeon)
Potions
 c - 2 potions of invisibility
 e - a potion of might {unknown}
 f - a potion of heal wounds {unknown}


   Skills:
 + Level 0.3 Fighting
 - Level 0.8 Short Blades
 - Level 1.5 Dodging
 - Level 3.6 Stealth
 * Level 0.9 Unarmed Combat
 - Level 2.1 Spellcasting
 - Level 3.0 Hexes


You had 4 spell levels left.
You didn't know any spells.
Your spell library contained the following spells:

 Spells                   Type           Power      Damage    Failure   Level
 Ensorcelled Hibernation  Hex/Ice        12%        N/A       19%         2
 Confusing Touch          Hex            10%        N/A       19%         3
 Tukima's Dance           Hex            10%        N/A       19%         3
 Dazzling Flash           Conj/Hex       12%        N/A       34%         3


Dungeon Overview and Level Annotations

Branches:
Dungeon (1/15)

Altars:


Innate Abilities, Weirdness & Mutations

You have extremely sharp teeth.
When hurt, damage is shared between your health and your magic reserves.
Your bite disrupts and absorbs the magic of your enemies.
Potions cannot restore your health.


Message History

You hit the kobold.
You kill the kobold!
You barely miss the bat. The bat hits you but does no damage.
No target in view!
No target in view!
The bat hits you but does no damage.
A bat is nearby!
A bat is nearby!
You hit the bat.
You kill the bat!
e - a smoky inky potion No target in view!
No target in view!
Found an inky potion.
No target in view!
Found a short sword.
Found 2 fizzy pink potions.
f - an inky potion A kobold comes into view.
It is wielding a +0 spear.
A ball python comes into view.
There are monsters nearby!
There are monsters nearby!
There are monsters nearby!
The ball python hisses angrily.
A goblin comes into view. It is wielding a +0 dagger.
Found a sling.
The goblin shouts!
The kobold shouts!
The kobold hits you but does no damage.
You closely miss the ball python. The ball python closely misses you.
The ball python grabs you. The ball python constricts you.
The kobold hits you but does no damage. The ball python closely misses you.
The ball python constricts you.
You closely miss the ball python. The kobold closely misses you.
The ball python bites you but does no damage.
The ball python constricts you.
You hit the ball python. Your bite misses the ball python.
The kobold hits you with a +0 spear. The ball python barely misses you.
The ball python constricts you.
You barely miss the ball python.
You bite the ball python, but do no damage.
The kobold hits you with a +0 spear.
* * * LOW HITPOINT WARNING * * *
The ball python closely misses you. The ball python constricts you.
You escape the ball python's grasp.
The kobold completely misses you.
You hit the goblin. You punch the goblin, but do no damage.
Your bite misses the goblin. The goblin hits you with a +0 dagger.
* * * LOW HITPOINT WARNING * * *
The kobold barely misses you.
You hit the goblin. The goblin hits you with a +0 dagger.
You die...

...).# ..............
.....# .............
.(...# ............#
####.###......).......#
####'#.+..............#
.......#..............###
.......#.........SK......
.......#.########g.......
#.........(.....@........
................!........
.#.......................
.........................
#.#..................####
...............).....#
.#.#.................#
)....................#
#.#..................#


You could see a goblin, a ball python and a kobold.

Vanquished Creatures
  2 kobolds (D:1)
  A ball python (D:1)
  A bat (D:1)
  A frilled lizard (D:1)
  A rat (D:1)
6 creatures vanquished.

Notes
Turn   | Place    | Note
-------+----------+-------------------------------------------
     0 | D:1      | vurker the Vine Stalker Enchanter began the quest for the
                  | Orb.
     0 | D:1      | Reached XP level 1. HP: 9/9 MP: 4/4
   260 | D:1      | Slain by a goblin

Illustrated notes

Levels and vault maps discovered:
D:1:      matt_arrival_refuge, layout_basic, ebering_ecumenical_altar_mist,
          hex_large

Action                   || total
-------------------------++-------
Melee: Dagger            ||    17
       Bite              ||     3
       Punch             ||     1
 Stab: Sleeping          ||     1
Armor: Robe              ||     6
Dodge: Dodged            ||    11

Table legend: (Time is in decaauts)
 A = Elapsed time spent in this place.
 B = Non-inter-level travel time spent in this place.
 C = Inter-level travel time spent in this place.
 D = Time resting spent in this place.
 E = Time spent auto-exploring this place.
 F = Levels seen in this place.
 G = Mean time per level.
                   A        B        C        D        E       F      G
               +--------+--------+--------+--------+--------+-----+--------+
         Total |    258 |    258 |      0 |      0 |    204 |   1 |  258.0 |
       Dungeon |    258 |    258 |      0 |      0 |    204 |   1 |  258.0 |
               +--------+--------+--------+--------+--------+-----+--------+

Top non-repeatable levels by time:
     D:1: 258 daAuts
